 Dungeon Crawl Stone Soup version 0.29-a0-393-g47a863cc1b (webtiles) character file.

Game seed: 13719388234669632132

245 Snarg the Insei (level 6, -2/38 HPs)
             Began as an Octopode Transmuter on May 11, 2022.
             Was a Priest of Cheibriados.
             Slain by a killer bee (8 damage)
             ... on level 4 of the Dungeon.
             The game lasted 00:21:24 (3799 turns).

Snarg the Insei (Octopode Transmuter)               Turns: 3799, Time: 00:21:31

Health: -2/38      AC:  1    Str: 18    XL:     6   Next: 10%
Magic:  6/9        EV: 14    Int: 21    God:    Cheibriados [***...]
Gold:   130        SH:  0    Dex: 18    Spells: 5/9 levels left

rFire   . . .      SeeInvis .     - Unarmed
rCold   . . .      Faith    .   (no shield)
rNeg    . . .      Spirit   .   (helmet currently unavailable)
rPois   .          Reflect  .   (no amulet)
rElec   .          Harm     .   j - ring of resist corrosion
rCorr   +          Rampage  .   (no ring)
Will    .....                   (no ring)
Stlth   +++.......              (no ring)
HPRegen 0.12/turn               (no ring)
MPRegen 0.11/turn               (no ring)
                                (no ring)
                                (no ring)

@: lethally poisoned (-2 -> -10), appendages, wereblooded, very slow
A: tentacle spike 3, almost no armour, amphibious, 8 rings, camouflage 1,
gelatinous body 1, (nimble swimmer 1), tentacles
a: End Transformation, Renounce Religion, Bend Time, Temporal Distortion


You were on level 4 of the Dungeon.
You worshipped Cheibriados.
Cheibriados was most pleased with you.
One of your tentacles had grown a beastly spike.
You visited 1 branch of the dungeon, and saw 4 of its levels.

You collected 169 gold pieces.
You spent 39 gold pieces at shops.

Inventory:

Missiles
 a - 5 javelins
 b - 9 poisoned darts
 c - 30 stones (quivered)
 l - 5 boomerangs
Jewellery
 j - a ring of resist corrosion (left tentacle)
Wands
 p - a wand of digging (3)
Scrolls
 d - a scroll of enchant weapon {unknown}
 f - a scroll of fear {unknown}
 g - a scroll of identify
 h - a scroll of magic mapping
Potions
 e - a potion of might
 i - 2 potions of curing
 k - a potion of degeneration {unknown}
 m - a potion of resistance {unknown}
 n - a potion of brilliance
 o - a potion of ambrosia {unknown}


   Skills:
 + Level 1.4 Fighting
 + Level 2.3 Dodging
 + Level 2.2 Stealth
 + Level 4.9 Unarmed Combat
 - Level 2.0 Spellcasting
 + Level 3.1 Transmutations
 * Level 1.0 Ice Magic
 * Level 2.0 Invocations


You had 5 spell levels left.
You knew the following spells:

 Your Spells              Type           Power      Damage    Failure   Level
a - Beastly Appendage     Tmut           30%        N/A       4%          1
b - Wereblood             Tmut           15%        N/A       6%          2
c - Freeze                Ice            24%        1d5       10%         1

Your spell library contained the following spells:

 Spells                   Type           Power      Damage    Failure   Level
 Spider Form              Tmut/Pois      8%         N/A       22%         3
 Frozen Ramparts          Ice            12%        1d3       28%         3
 Gell's Gravitas          Tloc           2%         N/A       41%         3
 Lesser Beckoning         Tloc           2%         N/A       41%         3
 Portal Projectile        Hex/Tloc       4%         N/A       41%         3
 Teleport Other           Tloc           2%         N/A       41%         3
 Ice Form                 Ice/Tmut       11%        N/A       52%         4
 Blade Hands              Tmut           7%         N/A       73%         5
 Hailstorm                Conj/Ice       4%         3d4       75%         4
 Freezing Cloud           Conj/Ice/Air   1%         6-21      98%         5
 Excruciating Wounds      Necr           1%         N/A       99%         5
 Simulacrum               Ice/Necr       2%         N/A       100%        6
 Polar Vortex             Ice            3%         N/A       100%        9


Dungeon Overview and Level Annotations

Branches:
Dungeon (4/15)
 Temple: D:4-7

Altars:
Cheibriados
Dithmenos
Elyvilon

Shops:
D:2 !

Annotations:
D:1 clr
D:2 clr
D:3 2 transporters, clr, jlumianski's ghost, amateur DsFi


Innate Abilities, Weirdness & Mutations

One of your tentacles has grown a beastly spike.
You cannot wear most types of armour.
You are amphibious.
You can wear up to eight rings at the same time.
Your skin changes colour to match your surroundings (Stealth+).
Your rubbery body absorbs attacks. (AC +1, EV +1)
((You are camouflaged when in or above water. (Stealth+)))
You have tentacles for arms and can constrict up to eight enemies at once.


Message History

Okay, then.
A killer bee comes into view.
The killer bee moves out of view.
There is a stone staircase leading up here.
Found an ivory wand.
b - 9 poisoned darts (gained 2)
A dart slug comes into view.
p - a wand of digging (3)
The killer bee buzzes angrily.
A killer bee comes into view.
Casting: Beastly Appendage (safe; 4% risk of failure)
Confirm with . or Enter, or press ? or * to list all spells.
Your blood is infused with primal strength.
The killer bee buzzes angrily.
A killer bee comes into view.
Casting: Wereblood (safe; 6% risk of failure)
Confirm with . or Enter, or press ? or * to list all spells.
One of your tentacles grows a vicious spike.
A killer bee comes into view.
The killer bee stings you.
A killer bee comes into view.
You miss the killer bee.
The killer bee buzzes angrily. x2
Your grab misses the killer bee. The killer bee misses you.
The killer bee completely misses you. The dart slug launches a dart at you.
The slug dart misses you.
The slug dart hits the killer bee.
The killer bee completely misses you. The killer bee stings you!
The killer bee misses you. The killer bee stings you. x2
You are poisoned.
The killer bee poisons you! The killer bee stings you.
You are too injured to fight recklessly!
Unknown command.
You feel better. The killer bee completely misses you.
The killer bee closely misses you. The killer bee stings you!
You are poisoned.
The killer bee poisons you! The killer bee stings you!
* * * LOW HITPOINT WARNING * * *
The killer bee closely misses you. The killer bee stings you!
You die...

#. #.# # #. ... .#
#...## #.###.#
#....### #.....#
#...... #.# #...#
#.### ##.## .
#.y.# ##...## #.
#@y.####.#.#.###..
#yy... ...# .
#...##.# #### ..!.
..#####. ....


You could see 6 killer bees.

Vanquished Creatures
  An orc priest (D:3)
  Jessica (D:3)
  Robin (D:2)
  3 gnolls (D:2)
  5 adders
  A worm (D:1)
  2 dart slugs
  4 orcs (D:3)
  6 bats
  5 endoplasms
  3 giant cockroaches
  13 goblins
  7 hobgoblins
  11 jackals
  4 quokkas
  6 ball pythons
  7 frilled lizards
  7 kobolds
  8 rats
95 creatures vanquished.

Vanquished Creatures (others)
  8 fungi (D:2)
  2 plants (D:2)
10 creatures vanquished.

Grand Total: 105 creatures vanquished

Notes
Turn   | Place    | Note
-------+----------+-------------------------------------------
     0 | D:1      | Snarg the Octopode Transmuter began the quest for the Orb.
     0 | D:1      | Reached XP level 1. HP: 13/13 MP: 3/3
   360 | D:1      | Reached XP level 2. HP: 18/18 MP: 5/5
   802 | D:1      | Learned a level 2 spell: Wereblood
  1008 | D:1      | Reached XP level 3. HP: 11/23 MP: 4/6
  1375 | D:2      | Found Xodof's Distillery.
  1801 | D:2      | Found a faded altar of an unknown god.
  1811 | D:2      | Prayed at the altar of an unknown god.
  1811 | D:2      | Became a worshipper of Cheibriados the Contemplative
  1811 | D:2      | Reached * piety under Cheibriados
  1961 | D:2      | Reached skill level 1 in Stealth
  1961 | D:2      | Reached skill level 4 in Unarmed Combat
  1964 | D:2      | Reached skill level 1 in Invocations
  1964 | D:2      | Reached XP level 4. HP: 28/28 MP: 4/7
  2116 | D:2      | Noticed Robin
  2137 | D:2      | Killed Robin
  2145 | D:2      | Reached ** piety under Cheibriados
  2426 | D:2      | Reached XP level 5. HP: 29/33 MP: 4/8
  2522 | D:2      | Bought a potion of curing for 39 gold pieces
  2608 | D:3      | Noticed jlumianski's ghost (amateur DsFi)
  2674 | D:3      | Learned a level 1 spell: Freeze
  2706 | D:3      | Found a shadowy altar of Dithmenos.
  2767 | D:3      | Found a white marble altar of Elyvilon.
  2885 | D:3      | Found a transporter.
  2952 | D:3      | Found a transporter.
  3366 | D:3      | Noticed Jessica
  3381 | D:3      | Killed Jessica
  3422 | D:3      | Reached XP level 6. HP: 34/38 MP: 7/9
  3463 | D:3      | Reached skill level 1 in Ice Magic
  3752 | D:4      | Reached *** piety under Cheibriados
  3799 | D:4      | Slain by a killer bee

Illustrated notes

Levels and vault maps discovered:
D:1:      dpeg_arrival_windows_large_door, layout_rooms
D:2:      layout_rooms, dreamdust_ecumenical_altar_hidden_monk_grotto,
          serial_shops, nicolae_shop_waterfront, uniq_robin
D:3:      layout_basic, mainiacjoe_overflow_two_lobes,
          gammafunk_ghost_stat_death, minmay_misc_feat_square, uniq_jessica
D:4:      layout_loops_ring, minmay_temple_entry_metal_lava

Skill      XL: |  1  2  3  4  5  6 |
---------------+-------------------+-----
Stealth        | 1 2 |  2.2
Unarmed Combat | 4 |  4.9
Invocations    | 1 2 |  2.0
Transmutations | 3 |  3.1
Ice Magic      | 1 |  1.0
Fighting       | |  1.4
Dodging        | |  2.3
Spellcasting   | |  2.0

Action                   |  1- 3 |  4- 6 || total
-------------------------+-------+-------++-------
Melee: Unarmed           |    72 |    91 ||   163
       Constrict         |    24 |    23 ||    47
       Kick              |    15 |    18 ||    33
       Tentacles         |    14 |    10 ||    24
       Punch             |     2 |     1 ||     3
Throw: Stone             |    19 |    48 ||    67
       Dart              |     1 |     1 ||     2
       Javelin           |       |     1 ||     1
 Cast: Beastly Appendage |    16 |    19 ||    35
       Wereblood         |     3 |     9 ||    12
  Use: Potion            |     1 |     2 ||     3
       Scroll            |       |     3 ||     3
 Stab: Sleeping          |     2 |     3 ||     5
       Distracted        |       |     1 ||     1
Armor: Skin              |    11 |    24 ||    35
Dodge: Dodged            |    33 |    46 ||    79

Table legend: (Time is in decaauts)
 A = Elapsed time spent in this place.
 B = Non-inter-level travel time spent in this place.
 C = Inter-level travel time spent in this place.
 D = Time resting spent in this place.
 E = Time spent auto-exploring this place.
 F = Levels seen in this place.
 G = Mean time per level.
                   A        B        C        D        E       F      G
               +--------+--------+--------+--------+--------+-----+--------+
         Total |   4363 |   4120 |    243 |    990 |   2249 |   4 | 1090.8 |
       Dungeon |   4363 |   4120 |    243 |    990 |   2249 |   4 | 1090.8 |
               +--------+--------+--------+--------+--------+-----+--------+

Top non-repeatable levels by time:
     D:3: 1570 daAuts
     D:1: 1525 daAuts
     D:2: 1193 daAuts
     D:4: 74 daAuts
